 Dungeon Crawl Stone Soup version 0.21-a0-70-g32e1473 (console) character file.

137 removed the Insei (level 5, 36/38 HPs)
             Began as a Demonspawn Gladiator on June 18, 2017.
             Quit the game on level 3 of the Dungeon.
             The game lasted 00:03:11 (2571 turns).

removed the Insei (Demonspawn Gladiator)            Turns: 2571, Time: 00:03:12

Health: 36/38      AC:  4    Str: 15    XL:     5   Next: 0%
Magic:  5/5        EV: 12    Int:  9    God:
Gold:   88         SH:  0    Dex: 15    Spells: 4/4 levels left

rFire    . . .     SeeInvis .     - Unarmed
rCold    + . .     Gourm    .   (no shield)
rNeg     + . .     Faith    .   a - +0 leather armour
rPois    .         Spirit   .   b - +0 helmet
rElec    .         Reflect  .   (no cloak)
rCorr    .         Harm     .   (no gloves)
MR       .....                  (no boots)
Stlth    ++........             (no amulet)
HPRegen  0.12/turn              e - ring of stealth
MPRegen  0.09/turn              n - ring of positive energy

@: no status effects
A: hooves 1, cold resistance 1, spiny 1
a: no special abilities


You were on level 3 of the Dungeon.
You were very hungry.

You visited 1 branch of the dungeon, and saw 3 of its levels.

You collected 88 gold pieces.

Inventory:

Hand Weapons
 p - a +0 blowgun
Missiles
 c - 3 throwing nets (quivered)
 q - 9 poisoned needles
Armour
 a - a +0 leather armour (worn)
 b - a +0 helmet (worn)
 l - a cursed +0 chain mail
Jewellery
 e - a ring of stealth (left hand)
 n - a ring of positive energy (right hand)
Scrolls
 g - 2 scrolls of enchant armour {unknown}
 i - 2 scrolls of amnesia {unknown}
 r - a scroll of recharging {unknown}
Potions
 h - a potion of curing {unknown}
 k - a potion of haste {unknown}
 m - a potion of heal wounds {unknown}
 o - a potion of invisibility
 s - a potion of degeneration {unknown}
Comestibles
 d - 2 bread rations


   Skills:
 - Level 2.0 Fighting
 - Level 1.7 Throwing
 - Level 2.6 Dodging
 + Level 5.2 Unarmed Combat


You had 4 spell levels left.
You didn't know any spells.

Dungeon Overview and Level Annotations

Branches:
Dungeon (3/15)

Altars:
Nemelex Xobeh
Ru
Xom


Innate Abilities, Weirdness & Mutations

You have large cloven feet.
Your flesh is cold resistant. (rC+)
You are partially covered in sharp spines.


Message History

Things that are here:
2 chunks of flesh; an adder skeleton You closely miss the adder.
The adder closely misses you.
You closely miss the adder. The adder barely misses you.
You barely miss the adder. The adder is struck by your spines.
The adder misses you. The adder closely misses you.
You hit the adder.
The adder is almost dead.
The adder is struck by your spines.
You kill the adder!
You miss the goblin. You hit the goblin.
You kill the goblin!
You have reached level 5!
Your demonic ancestry asserts itself...
Your feet thicken and deform.
The worm bites you but does no damage.
Things that are here:
a dagger; a goblin corpse; an adder corpse Are you sure you want to abandon this character and quit the game? (Confirm with "yes".)

#...#.##.# #......$.#
#........# ##...(....#
.........# ..>
#..?.....# ..#
#..†.....# ..#
#w.......# #.#
#@###.#### #.# #%# #.#
#.# #.########.#
#).<.......#
.....................#
#.....################
##...# ####


You could see a worm.

Vanquished Creatures
  7 adders
  A worm (D:2)
  3 dart slugs
  A leopard gecko (D:1)
  4 orcs
  6 bats
  A giant cockroach (D:2)
  4 goblins
  12 hobgoblins
  4 jackals (D:1)
  5 frilled lizards
  9 kobolds
  5 rats
62 creatures vanquished.

Vanquished Creatures (others)
  4 toadstools (D:1)
4 creatures vanquished.

Grand Total: 66 creatures vanquished

Notes
Turn   | Place    | Note
-------+----------+-------------------------------------------
     0 | D:1      | removed the Demonspawn Gladiator began the quest for the Orb.
     0 | D:1      | Reached XP level 1. HP: 16/16 MP: 1/1
    65 | D:1      | Reached skill level 3 in Unarmed Combat
   148 | D:1      | Gained mutation: You are partially covered in sharp spines. [demonic ancestry]
   148 | D:1      | Reached XP level 2. HP: 16/22 MP: 2/2
   739 | D:1      | Gained mutation: Your flesh is cold resistant. (rC+) [demonic ancestry]
   739 | D:1      | Reached XP level 3. HP: 25/27 MP: 3/3
   918 | D:2      | Found a shimmering altar of Xom.
   929 | D:2      | Reached skill level 4 in Unarmed Combat
   993 | D:2      | Found a sparkling altar of Nemelex Xobeh.
  1209 | D:2      | Reached XP level 4. HP: 27/33 MP: 4/4
  1663 | D:2      | Found a sacrificial altar of Ru.
  2553 | D:3      | Reached skill level 5 in Unarmed Combat
  2569 | D:3      | Gained mutation: You have large cloven feet. [demonic ancestry]
  2569 | D:3      | Reached XP level 5. HP: 36/38 MP: 5/5
  2571 | D:3      | Quit the game

Vault maps used:
D:1:      ldierk_walled_garden_2
D:2:      nicolae_overflow_crystal_walls, overflow_temple_1_default,
          marbit_many_paths, serial_bayou_lagoon_a, kennysheep_generic_room_3
D:3:      lemuel_castle_with_subvaults, first_bread, serial_bayou_pond_b,
          nicolae_ru_sacrificial_ziggurat

Skill      XL: |  1  2  3  4 |
---------------+-------------+-----
Unarmed Combat | 3 4 5 |  5.2
Fighting       | |  2.0
Throwing       | |  1.7
Dodging        | |  2.6

Action                   |  1- 3 |  4- 6 || total
-------------------------+-------+-------++-------
Melee: Unarmed           |   106 |    55 ||   161
       Punch             |     6 |       ||     6
 Stab: Sleeping          |     4 |     6 ||    10
  Eat: Chunk             |     1 |     3 ||     4
Armor: Leather armour    |    30 |    14 ||    44
Dodge: Dodged            |    56 |    28 ||    84
